 Dungeon Crawl Stone Soup version 0.28.0-53-g5a82cb258f (webtiles) character file.

Game seed: 9035816591581752242

15067 issech the Cleaver (level 11, -4/89 HPs)
             Began as a Minotaur Monk on June 19, 2022.
             Was a Priest of Hepliaklqana.
             Slain by a death yak (17 damage)
             ... on level 10 of the Dungeon.
             The game lasted 00:42:26 (12685 turns).

issech the Cleaver (Minotaur Monk)                 Turns: 12685, Time: 00:42:27

Health: -4/89      AC: 18    Str: 16    XL:     11   Next: 97%
Magic:  0/10       EV:  9    Int:  7    God:    Hepliaklqana [***...]
Gold:   1307       SH: 17    Dex: 23    Spells: 10/10 levels left

rFire   . . .      SeeInvis .   t - +8 hand axe "Dux Qoa" {chaos, rC+}
rCold   + . .      Faith    .   Q - +0 tower shield
rNeg    . . .      Spirit   +   w - +0 plate armour
rPois   .          Reflect  .   (helmet restricted)
rElec   .          Harm     .   (no cloak)
rCorr   .          Rampage  .   B - +0 pair of gloves
Will    .....                   x - +0 pair of boots
Stlth   ..........              f - amulet of guardian spirit
HPRegen 0.24/turn               Z - +6 ring of dexterity
MPRegen 0.12/turn               s - +4 ring of evasion

@: no status effects
A: reduced essence, horns 2, retaliatory headbutt
a: Renounce Religion, Recall Ancestor, Ancestor Identity, Transference


You were on level 10 of the Dungeon.
You worshipped Hepliaklqana.
Hepliaklqana was most pleased with you.
You visited 2 branches of the dungeon, and saw 11 of its levels.
You also visited: Ossuary and Bailey.

You collected 1307 gold pieces.

Inventory:

Hand Weapons
 n - a +0 hand crossbow
 t - the +8 hand axe "Dux Qoa" (weapon) {chaos, rC+}
   (You found it on level 3 of the Dungeon)

   Each time it hits an enemy it has a different, random effect.
   rC:        It protects you from cold.
 J - a +4 spear of venom
 X - a +3 scimitar of freezing
 Y - the +0 mace of the Fray {flame, Dex+4}
   (You found it on level 10 of the Dungeon)

   It burns those it strikes, dealing additional fire damage.
   Dex:       It affects your dexterity (+4).
Missiles
 c - 53 poisoned darts
 e - 296 stones
 h - 58 arrows
 k - 20 boomerangs (quivered)
 C - 84 sling bullets
 D - 92 bolts
 K - 4 atropa-tipped darts
Armour
 u - a +2 ring mail of cold resistance
 v - a +2 scale mail of fire resistance
 w - a +0 plate armour (worn)
 x - a +0 pair of boots (worn)
 B - a +0 pair of gloves (worn)
 M - a +0 kite shield
 Q - a +0 tower shield (worn)
Jewellery
 f - an amulet of guardian spirit (around neck)
 r - a ring of wizardry
 s - a +4 ring of evasion (right hand)
 T - a ring of protection from cold
 V - a ring of fire
 Z - a +6 ring of dexterity (left hand)
Wands
 G - a wand of iceblast (6)
 H - a wand of paralysis (13)
 O - a wand of charming (4)
 U - a wand of acid (23)
Scrolls
 a - a scroll of silence
 b - 2 scrolls of teleportation
 d - 4 scrolls of fog
 g - 4 scrolls of fear
 j - a scroll of brand weapon {unknown}
 m - 4 scrolls of magic mapping
 z - 2 scrolls of amnesia
 E - 2 scrolls of blinking
 L - a scroll of vulnerability {unknown}
Potions
 i - 2 potions of invisibility {unknown}
 l - 2 potions of brilliance {unknown}
 o - 3 potions of haste {unknown}
 p - 10 potions of curing {unknown}
 q - 5 potions of lignification {unknown}
 A - 5 potions of magic {unknown}
 F - a potion of experience {unknown}
 I - 3 potions of attraction {unknown}
 N - a potion of resistance {unknown}
 P - a potion of degeneration {unknown}
 R - 4 potions of heal wounds {unknown}
 S - 3 potions of mutation {unknown}
 W - a potion of flight {unknown}
Miscellaneous
 y - a phantom mirror


   Skills:
 + Level 9.9 Fighting
 + Level 14.5 Axes
 + Level 3.0 Throwing
 + Level 11.8 Armour
 + Level 6.1 Dodging
 + Level 4.3 Stealth
 + Level 6.5 Shields
 + Level 0.1 Evocations


You had 10 spell levels left.
You didn't know any spells.
Your spell library contained the following spells:

 Spells                   Type           Power      Damage    Failure   Level
 Animate Skeleton         Necr           0%         N/A       100%        1
 Magic Dart               Conj           0%         1d3       100%        1
 Pain                     Necr           0%         1d4       100%        1
 Scorch                   Fire           0%         2d5       100%        2
 Searing Ray              Conj           0%         2d4       100%        2
 Static Discharge         Conj/Air       0%         N/A       100%        2
 Tukima's Dance           Hex            0%         N/A       100%        3
 Vampiric Draining        Necr           0%         2d6       100%        3
 Anguish                  Hex/Necr       0%         N/A       100%        4
 Dispel Undead            Necr           0%         3d6       100%        4
 Flame Wave               Conj/Fire      0%         2d4       100%        4
 Fulminant Prism          Conj/Hex       0%         3d6       100%        4
 Sticky Flame             Conj/Fire      0%         2d3       100%        4
 Dispersal                Tloc           0%         N/A       100%        6
 Summon Cactus Giant      Summ           0%         N/A       100%        6
 Enfeeble                 Hex            0%         N/A       100%        7
 Disjunction              Tloc           0%         N/A       100%        8


Dungeon Overview and Level Annotations

Branches:
Dungeon (10/15)            Temple (1/1) D:7            Lair (0/6) D:10
    Orc (0/2) D:9         Ossuary (visited)          Bailey (visited)

Altars:
Ashenzari
Cheibriados
Dithmenos
Elyvilon
Fedhas
Gozag
Hepliaklqana
Kikubaaqudgha
Makhleb
Nemelex Xobeh
Okawaru
Qazlal
Ru
Sif Muna
Trog
Uskayaw
Vehumet
Wu Jian
Xom
Yredelemnul
Zin
The Shining One

Shops:
D:1 =   D:6 *

Annotations:
D:10 1 runed translucent door, MiltankisOP's ghost, journeyman OgMo
Abyss:1 Grinder


Innate Abilities, Weirdness & Mutations

Your life essence is reduced to manifest your ancestor. (-10% HP)
You have a pair of horns on your head.
You reflexively headbutt those who attack you in melee.


Message History

The death yak is lightly wounded.
The death yak gores you but does no damage.
You hit the death yak.
The death yak is poisoned.
You headbutt the death yak.
The death yak is lightly wounded.
The death yak gores you!!
* * * LOW HITPOINT WARNING * * *
You hit the death yak. You freeze the death yak. You headbutt the death yak.
The death yak is moderately wounded.
The death yak barely misses you.
You slash the death yak!
The death yak looks as sick as possible!
Your headbutt misses the death yak.
The death yak is heavily wounded.
You block the death yak's attack.
You barely miss the death yak.
You headbutt the death yak, but do no damage.
The death yak is moderately wounded.
The death yak gores you.
* * * LOW HITPOINT WARNING * * *
You hit the death yak but do no damage.
The death yak goes berserk!
You headbutt the death yak.
The death yak is heavily wounded.
The yak snorts and paws the ground.
You block the death yak's attack.
The death yak gores you but does no damage.
You hit the death yak.
The death yak is heavily wounded.
You block the death yak's attack. The death yak gores you.
* * * LOW HITPOINT WARNING * * *
You hit the death yak. You freeze the death yak.
The death yak is heavily wounded.
You block the death yak's attack.
You hit the death yak.
The death yak is heavily wounded.
You block the death yak's attack. The death yak misses you.
You furiously retaliate!
You headbutt the death yak. You hit the death yak but do no damage.
You headbutt the death yak!
The death yak is severely wounded.
The death yak gores you!!
You die...

*,,,,*,,,,** ******.***** #.#
*,...Y,,,,* ###.* #.#
*,,...,,,,* #..,* #.#
*.,,.Y,,,,* #.#** #.#
*#.*#.,**** ##.### #.#
*##.##.##### #....# ##'#
*...=..)...######>...# #...
*..........##........######...
*.....)))).##@###.........#R..
*.........YYY.# #....####.'...
*.........†#### #....# ###...
*.......!..# ###### ####
*###########


You could see a death yak (berserk, very poisoned) and 2 yaks.

Vanquished Creatures
  An orc warlord (Bailey)
  A hydra (D:9)
  A centaur warrior (D:9)
  2 two-headed ogres
  2 death yaks (D:10)
  A mana viper (shapeshifter) (D:9)
  A cyclops (D:9)
  Maggie (D:6)
  A troll (D:8)
  Prince Ribbit (D:5)
  2 wyverns
  8 yaks
  A wraith (D:8)
  2 steam dragons (D:9)
  A vampire mosquito (D:9)
  An acid dragon (D:10)
  2 water moccasins
  3 orc warriors
  2 sky beasts
  A hornet zombie (D:9)
  2 necrophages
  4 kobold brigands
  A phantom (D:5)
  2 elf zombies (Ossuary)
  A gnoll sergeant (D:9)
  2 bullfrogs
  A wyvern skeleton (D:6)
  6 killer bees
  5 wights (D:7)
  6 howler monkeys
  5 centaur zombies
  3 hounds
  4 jellies
  2 centaur skeletons (D:5)
  A human zombie (Ossuary)
  3 orc priests
  A bullfrog skeleton (D:5)
  2 iguanas
  5 orc wizards
  2 mummies (Ossuary)
  2 howler monkey zombies (D:9)
  Robin (D:2)
  8 adders
  A shadow imp (D:6)
  A white imp (D:6)
  2 ufetubi
  An adder zombie (Ossuary)
  2 dart slugs
  17 orcs
  6 ball pythons
  7 endoplasms
  7 giant cockroaches
  18 goblins
  12 hobgoblins
  3 jackals (D:1)
  3 quokkas
  3 bats
  2 frilled lizards
  A goblin zombie (Ossuary)
  8 hobgoblin zombies (Ossuary)
  A jackal zombie (Ossuary)
  18 kobolds
  9 kobold zombies (Ossuary)
  11 orc zombies (Ossuary)
  2 quokka zombies (D:6)
  3 rats
242 creatures vanquished.

Vanquished Creatures (collateral kills)
  A two-headed ogre (D:10)
  A deep elf pyromancer (D:9)
  A centaur zombie (D:10)
  A yaktaur (shapeshifter) (D:10)
  A shadow (D:10)
  6 yaks
  2 orc warriors (D:9)
  A sky beast (D:8)
  A centaur (D:9)
  4 kobold brigands
  A killer bee (D:9)
  An orc priest (D:10)
  A white imp (D:8)
  4 orcs
  2 goblins
  17 kobolds
45 creatures vanquished.

Vanquished Creatures (others)
  3 battlemagi
  25 plants (D:5)
28 creatures vanquished.

Grand Total: 315 creatures vanquished

Notes
Turn   | Place    | Note
-------+----------+-------------------------------------------
     0 | D:1      | issech the Minotaur Monk began the quest for the Orb.
     0 | D:1      | Reached XP level 1. HP: 19/19 MP: 0/0
   276 | D:1      | Reached XP level 2. HP: 23/27 MP: 1/1
   346 | D:1      | Reached skill level 4 in Axes
   698 | D:1      | Found Lepeorghu's Jewellery Boutique.
   940 | D:2      | Reached XP level 3. HP: 33/33 MP: 2/2
  1109 | D:2      | Found a blossoming altar of Fedhas.
  1178 | D:2      | Noticed Robin
  1317 | D:2      | Killed Robin
  1675 | D:2      | Reached XP level 4. HP: 40/40 MP: 3/3
  1701 | D:2      | Found a faded altar of an unknown god.
  2347 | D:3      | Reached skill level 1 in Armour
  2868 | D:3      | Identified the +8 hand axe "Dux Qoa" {chaos, rC+}
  3284 | D:4      | Reached skill level 5 in Axes
  3440 | D:4      | Reached XP level 5. HP: 20/47 MP: 1/4
  3714 | D:4      | Noticed a necrophage
  3722 | D:4      | Killed a necrophage
  3964 | D:4      | Reached XP level 6. HP: 17/53 MP: 2/5
  4640 | D:5      | Entered Level 5 of the Dungeon
  4641 | D:5      | Noticed Prince Ribbit
  4664 | D:5      | Killed Prince Ribbit
  4665 | D:5      | Reached skill level 6 in Axes
  4826 | D:5      | Reached skill level 5 in Fighting
  4826 | D:5      | Reached XP level 7. HP: 54/61 MP: 6/6
  4841 | D:5      | Reached skill level 5 in Armour
  5117 | D:5      | Reached skill level 7 in Axes
  5329 | D:5      | Reached skill level 8 in Axes
  5728 | D:5      | Reached XP level 8. HP: 55/68 MP: 4/7
  5870 | D:6      | Noticed Grinder
  5872 | D:6      | Banished Grinder
  6040 | D:6      | Found a sand-covered staircase.
  6049 | Ossuary  | Entered an ossuary
  6165 | Ossuary  | Reached skill level 9 in Axes
  6366 | D:6      | Noticed Maggie
  6379 | D:6      | Killed Maggie
  6380 | D:6      | Reached skill level 1 in Shields
  6557 | D:6      | Found Bepnaw's Fire Supplies.
  6710 | D:6      | Reached XP level 9. HP: 74/77 MP: 8/8
  6821 | D:6      | Reached skill level 10 in Axes
  7239 | D:7      | Noticed a two-headed ogre
  7256 | D:7      | Killed a two-headed ogre
  7257 | D:7      | Reached skill level 1 in Throwing
  7549 | D:7      | Reached skill level 5 in Dodging
  8090 | D:7      | Found a staircase to the Ecumenical Temple.
  8122 | Temple   | Entered the Ecumenical Temple
  8151 | Temple   | Became a worshipper of Hepliaklqana the Forgotten
  8151 | Temple   | Reached * piety under Hepliaklqana
  8151 | Temple   | Reached ** piety under Hepliaklqana
  8152 | Temple   | Remembered your ancestor Edwyna as a battlemage
  8379 | D:7      | Reached skill level 11 in Axes
  9210 | D:8      | Reached XP level 10. HP: 70/77 MP: 7/9
  9950 | D:9      | Noticed a centaur warrior
  9958 | D:9      | Killed a centaur warrior
  9959 | D:9      | Reached skill level 12 in Axes
  9959 | D:9      | Reached skill level 10 in Armour
 10444 | D:9      | Noticed a two-headed ogre
 10451 | D:9      | Killed a two-headed ogre
 10548 | D:9      | Noticed a cyclops
 10552 | D:9      | Killed a cyclops
 10717 | D:9      | Noticed an eight-headed hydra
 10718 | D:9      | Noticed a mana viper
 10718 | D:9      | a komodo dragon changed into a mana viper
 10731 | D:9      | Killed a mana viper
 10732 | D:9      | Reached skill level 13 in Axes
 10733 | D:9      | Killed a nine-headed hydra
 10734 | D:9      | Reached skill level 5 in Shields
 10734 | D:9      | Reached XP level 11. HP: 61/85 MP: 8/10
 11253 | D:9      | Noticed a deep elf pyromancer
 11480 | D:9      | Killed a deep elf pyromancer
 11582 | D:9      | Found a staircase to the Orcish Mines.
 11751 | D:9      | Found a sparkling altar of Nemelex Xobeh.
 11893 | D:10     | Entered Level 10 of the Dungeon
 11902 | D:10     | Noticed MiltankisOP's ghost (journeyman OgMo)
 11915 | D:10     | Found a runed translucent door.
 11940 | D:10     | Found a flagged portal.
 11946 | D:10     | Reached skill level 14 in Axes
 11999 | Bailey   | Entered a bailey
 12013 | Bailey   | Noticed an orc warlord
 12089 | Bailey   | Found a runed translucent gate.
 12089 | Bailey   | Found a runed translucent gate.
 12089 | Bailey   | Found a runed translucent gate.
 12283 | Bailey   | Killed an orc warlord
 12321 | Bailey   | Acquired 757 gold pieces
 12477 | D:10     | Reached *** piety under Hepliaklqana
 12608 | D:10     | Identified the +0 mace of the Fray {flame, Dex+4}
 12628 | D:10     | Noticed a two-headed ogre
 12637 | D:10     | Killed a two-headed ogre
 12637 | D:10     | Noticed a death yak
 12639 | D:10     | Noticed a death yak
 12643 | D:10     | Noticed a death yak
 12657 | D:10     | Killed a death yak
 12667 | D:10     | Killed a death yak
 12685 | D:10     | Slain by a death yak

Illustrated notes

Levels and vault maps discovered:
D:1:      lightli_arrival_flooded_house, layout_rooms, serial_shops,
          nicolae_lakefront_shop
D:2:      layout_loops_cross, basic_altar, nicolae_ecumenical_lake_church,
          uniq_robin
D:3:      layout_basic, chequers_serial_rivers_large_b
D:4:      layout_loops_corners, roderic_lattice_a, minivault_5
D:5:      layout_basic, serial_bayou, serial_bayou_shore_a, serial_bayou_ford_a,
          serial_bayou_crossing, serial_bayou_pond_a, uniq_prince_ribbit1
D:6:      layout_basic, enter_ossuary_4, nicolae_shop_fire_sale
          [nicolae_sub_dead_trees], minivault_27, uniq_maggie, uniq_grinder
D:7:      layout_basic, minmay_temple_entry_large_hall
D:8:      layout_loops_cross, st_stairs_12
D:9:      nzn_winding_woodlands_three_and_one
          [nzn_winding_woodlands_5x15_pockets,
          nzn_winding_woodlands_5x15_longhouse,
          nzn_winding_woodlands_5x15_crooked,
          nzn_winding_woodlands_center_pierced_h], layout_rooms,
          nemelex_spade_bored_becter, orc_0_dummy, small_chamber_with_monster
D:10:     layout_roguey, dpeg_lair_monsters, hellmonk_ghost_happy_afterlife,
          enter_bailey_5, grunt_decor_mini_mirrors, feat_on_display
Temple:   grunt_wide_crystal_templ

Skill      XL: |  1  2  3  4  5  6  7  8  9 10 11 |
---------------+----------------------------------+-----
Axes           | 4 5 6 8 9 11 13 14 | 14.5
Fighting       | 4 5 6 7 8 9 |  9.9
Dodging        | 4 5 6 |  6.1
Stealth        | 2 3 4 |  4.3
Armour         | 1 3 4 5 7 9 10 11 | 11.8
Shields        | 1 3 5 6 |  6.5
Throwing       | 1 3 |  3.0
Evocations     | |  0.1

Action                   |  1- 3 |  4- 6 |  7- 9 | 10-12 || total
-------------------------+-------+-------+-------+-------++-------
Melee: Hand axe          |    83 |    87 |   282 |   204 ||   656
       Headbutt          |    15 |     9 |    66 |    55 ||   145
       Punch             |     1 |     1 |     2 |       ||     4
Throw: Boomerang         |       |     1 |     4 |    18 ||    23
Invok: Ancestor Life: Ba |       |       |     1 |       ||     1
Evoke: Wand              |       |       |       |     1 ||     1
  Use: Scroll            |       |       |     7 |     4 ||    11
       Potion            |       |       |       |     2 ||     2
 Stab: Sleeping          |     2 |       |       |       ||     2
       Distracted        |       |       |       |     3 ||     3
       Paralysed         |       |       |       |     1 ||     1
       Confused          |       |       |       |     1 ||     1
Armor: Robe              |    10 |       |       |       ||    10
       Ring mail         |    16 |       |       |       ||    16
       Scale mail        |     1 |    24 |       |    12 ||    37
       Chain mail        |       |    16 |   105 |    12 ||   133
       Plate armour      |       |       |       |    42 ||    42
Dodge: Dodged            |    62 |    35 |    52 |    54 ||   203
Block: Kite shield       |       |       |    57 |    68 ||   125
       Tower shield      |       |       |       |    24 ||    24
